Cogmind - Beta 15 *** ADVENTURER MODE // 2025.07.22 @ 07:42:19 Player: Jefffff Result: Destroyed by as-95416 with Assembled Heavy Rifle Performance ------------- Evolutions (0) 0 Regions Visited (2) 400 Robots Destroyed (10) 50 Value Destroyed (143) 143 Prototype IDs (0) 0 Alien Tech Used (0) 0 Bonus (0) 0 TOTAL SCORE: 593 Bonus ------- None Cogmind --------- Core Integrity 0/250 Matter 263/300 Energy 250/250 System Corruption 1% Temperature Warm (127) Movement Walking (400) Ox4 Location -10/Mines Parts ------- > --- POWER (1) -------- Ion Engine > --- PROPULSION (2) --- Aluminum Leg > --- UTILITY (2) ------ High-capacity Storage Unit Weapon Shielding > --- WEAPON (2) ------- Small Laser Light Assault Rifle > --- INVENTORY (20) --- Ion Engine Ion Engine Light Ion Engine Light Ion Engine Compact Wheel Heat Sink Visual Processing Unit Improved Terrain Scanner Transport Network Coupler Small Laser Battle Cannon Mining Laser Peak State ------------ > --- POWER ------------ Ion Engine > --- PROPULSION ------- Aluminum Leg Aluminum Leg > --- UTILITY ---------- High-capacity Storage Unit Tractor Beam > --- WEAPON ----------- Medium Laser Assault Rifle > --- INVENTORY -------- Ion Engine Ion Engine Light Ion Engine Light Ion Engine Aluminum Leg Compact Wheel Heat Sink Visual Processing Unit Improved Terrain Scanner Transport Network Coupler Weapon Shielding Small Laser Small Laser Light Assault Rifle Battle Cannon Mining Laser [Rating: 9] Favorites ----------- Power Ion Engine Engine Ion Engine Propulsion Aluminum Leg Leg Aluminum Leg Utility Tractor Beam Device Tractor Beam Storage High-capacity Storage Unit Protection Weapon Shielding Weapon Assault Rifle Energy Gun Medium Laser Ballistic Gun Assault Rifle Build | -11 -10 -10 ------- Run | Yrd Mat Min Slots Evolved . | . . . Power . | . . . Propulsion . | . . . Utility . | . . . Weapon . | . . . Parts Attached 12 | 7 1 4 Power 1 | 1 . . Engine 1 | 1 . . Core . | . . . Reactor . | . . . Propulsion 3 | 2 . 1 Treads . | . . . Leg 3 | 2 . 1 Wheel . | . . . Hover . | . . . Flight . | . . . Utility 4 | 2 1 1 Device 1 | 1 . . Storage 2 | 1 1 . Processor . | . . . Hackware . | . . . Protection 1 | . . 1 Artifact . | . . . Weapon 4 | 2 . 2 Energy Gun 2 | 1 . 1 Energy Cannon . | . . . Ballistic Gun 2 | 1 . 1 Ballistic Cannon . | . . . Launcher . | . . . Special Weapon . | . . . Impact Weapon . | . . . Slashing Weapon . | . . . Piercing Weapon . | . . . Special Melee Weapon . | . . . Unidentified Prototypes . | . . . Parts Lost 4 | . . 4 Power . | . . . Propulsion 2 | . . 2 Utility . | . . . Weapon 2 | . . 2 Highest Loss Streak 4 | . . 4 To Critical Strikes . | . . . Average Backups 13 | 2 11 15 Power 3 | 1 3 4 Propulsion 1 | . 1 1 Utility 3 | . 2 4 Weapon 3 | 1 3 4 Tool/Special . | . . . Unused Backups 12 | . . 12 Power 4 | . . 4 Propulsion 1 | . . 1 Utility 4 | . . 4 Weapon 3 | . . 3 Tool/Special . | . . . Average Slot Usage (%) 100 | . 100 100 Engine 14 | . 14 14 Leg 28 | . 28 28 Device 13 | . 14 13 Storage 14 | . 14 14 Energy Gun 14 | . 14 14 Ballistic Gun 14 | . 14 14 Peak Build Rating 9 | 7 8 9 Average Rating 8 | 5 7 8 On Entrance 5 | . 7 8 Naked Turns . | . . . Heaviest Build 50 | 15 50 50 Greatest Support 20 | 20 20 20 Greatest Overweight (x) 2 | . 2 2 Average Overweight (x) 1 | . 1 2 Largest Inventory Capacity 20 | 8 20 20 Average Capacity 17 | 7 17 20 Most Carried 16 | 6 15 16 Average Carried 13 | 2 11 15 Final Capacity 20 | 8 20 20 Final Carried 15 | 6 15 12 Class Distribution -------------------- 100% | Mutant Dominant Class ---------------- Mutant | -10/Materials Mutant | -10/Mines Resources | -11 -10 -10 ----------- Run | Yrd Mat Min Matter Collected 367 | 282 73 12 Remotely 126 | 41 73 12 Salvage Created 435 | 154 248 33 Parts 24 | 8 16 . Haulers Intercepted 1 | . 1 . Recyclers Shooed . | . . . Parts Field Recycled . | . . . Retrieved Matter . | . . . Parts Self-Destructed . | . . . Prevented . | . . . Kills | -11 -10 -10 ------- Run | Yrd Mat Min Combat Hostiles Destroyed 7 | . 2 5 Guns 7 | . 2 5 Classes Destroyed 7 | 2 4 1 Builder 1 | . 1 . Tunneler 2 | 2 . . Hauler 1 | . 1 . Recycler 2 | 1 1 . Watcher 2 | . 2 . Grunt 2 | . 2 . Assembled 5 | . . 5 Best Kill Streak 4 | 2 2 4 Combat Bots Only 4 | . 2 4 Max Kills in Single Turn 1 | 1 1 1 Gunslinging . | . . . Exploded . | . . . Melee . | . . . Uniques/NPCs Destroyed . | . . . Combat | -11 -10 -10 -------- Run | Yrd Mat Min Hostile Shots Fired 82 | . 6 76 Missed 26 | . 3 23 Hits 56 | . 3 53 Melee 10 | . . 10 Projectile 46 | . 3 43 AOE 1 | . . 1 Damage Taken 797 | . 52 745 Core 265 | . . 265 Absorbed by Shields . | . . . Redirected to Shielding 24 | . . 24 Ignored by Resistances 228 | . 17 211 Core Remaining (%) 100 | 100 . . Volleys Fired 37 | 4 21 12 Largest 2 | 2 2 2 Hottest 70 | 70 70 70 Shots Fired 71 | 8 40 23 Gun 71 | 8 40 23 Cannon . | . . . Launcher . | . . . Special . | . . . Kinetic 36 | 4 21 11 Thermal 35 | 4 19 12 Explosive . | . . . Electromagnetic . | . . . Robot Hit Streak 7 | 6 7 7 Robot Miss Streak 3 | . 3 1 Penetration Max . | . . . Secondary Targets 2 | . . 2 Max Gunslinging Chain 1 | . . 1 Shots Hit Robots 51 | 6 26 19 Core Hits 25 | 4 11 10 Critical Kills . | . . . Critical Parts Destroyed 1 | . 1 . Critical Strikes 4 | . 3 1 Burn 3 | . 2 1 Destroy 1 | . 1 . Melee Attacks . | . . . Impact . | . . . Slashing . | . . . Piercing . | . . . Sneak Attacks . | . . . Combat Hostiles . | . . . Follow-up Attacks . | . . . Damage Inflicted 632 | 71 350 211 Guns 632 | 71 350 211 Cannons . | . . . Explosions . | . . . Melee . | . . . Ramming . | . . . Kinetic 338 | 20 214 104 Thermal 294 | 51 136 107 Explosive . | . . . Electromagnetic . | . . . Impact . | . . . Slashing . | . . . Piercing . | . . . Highest Corruption 1 | . 1 1 Average Corruption 1 | . 1 1 Corruption Purged . | . . . Corruption Blocked . | . . . Effects 7 | . 1 6 Message Errors 2 | . . 2 Heat Flow Errors 1 | . . 1 Parts Rejected 1 | . . 1 Data Loss (minor) 3 | . 1 2 Overload Shots . | . . . Overflow Damage . | . . . Projectiles . | . . . Explosions . | . . . Melee . | . . . Knockbacks . | . . . Impact . | . . . Kinetic . | . . . Secondary . | . . . Self-Inflicted Damage . | . . . Shots . | . . . Rammed . | . . . Targets Rammed . | . . . Kicked . | . . . Crushed . | . . . Highest Temperature 137 | 18 63 137 Average Temperature 32 | 8 22 55 Received Heat Transfer 178 | . 18 160 Siege Activations . | . . . Martial Activations . | . . . Shielding Activations . | . . . Robots Disrupted . | . . . Combat Hostiles . | . . . Robots Corrupted . | . . . Combat Hostiles . | . . . Parts Fried . | . . . Impact Corruptions . | . . . Robots Melted . | . . . Combat Hostiles . | . . . Parts Melted 2 | 1 1 . Heat Transferred 1050 | 148 555 347 Parts Sabotaged . | . . . Parts Stolen . | . . . Parts Stripped . | . . . Power Chain Reactions . | . . . Alert | -11 -10 -10 ------- Run | Yrd Mat Min Maximum Alert Level . | . . . Low Security (%) 100 | 100 100 100 Level 1 . | . . . Level 2 . | . . . Level 3 . | . . . Level 4 . | . . . Level 5 . | . . . High Security . | . . . Max Security . | . . . Peak Influence 40 | 10 40 15 Initial . | . . . Average 2 | 1 6 . Influence Increases 113 | 15 83 15 Destroy 0b10 Robot/C 40 | . 40 . Destroy 0b10 Robot/NC 40 | 15 25 . Destroy Leader 6 | . 6 . Successful Hack 3 | . 3 . Disable Machine 9 | . 9 . Lose Combat Pursuer 15 | . . 15 Influence Decreases 108 | 15 83 10 Time Decay 98 | 15 83 . Lost Part 10 | . . 10 Squads Dispatched . | . . . Investigation . | . . . Extermination . | . . . Reinforcement . | . . . Assault . | . . . Garrison . | . . . Intercept . | . . . Searches Triggered . | . . . Construction Impeded . | . . . Haulers Reinforced . | . . . Active Scanning Responses . | . . . Cargo Convoy Interrupts . | . . . Stealth | -11 -10 -10 --------- Run | Yrd Mat Min Distress Signals 1 | . 1 . Communications Jammed . | . . . Distress Signals . | . . . Times Spotted 27 | . 6 21 Peak Tracking Total 18 | . 3 18 Tactical Retreats 1 | . . 1 Traps | -11 -10 -10 ------- Run | Yrd Mat Min Traps Triggered 1 | . 1 . Indirectly . | . . . Trap Hack Attempts . | . . . Triggered . | . . . Disarmed . | . . . Reprogrammed . | . . . Reused . | . . . Traps Extracted . | . . . Installed . | . . . Triggered . | . . . Machines | -11 -10 -10 ---------- Run | Yrd Mat Min Machines Disabled 1 | . 1 . Max in Single Turn 1 | . 1 . Machines Repaired . | . . . Machines Dismantled . | . . . Machines Sabotaged . | . . . Overloaded Fab Kills . | . . . Hacking | -11 -10 -10 --------- Run | Yrd Mat Min Machines Accessed 1 | . 1 . Terminals 1 | . 1 . Fabricators . | . . . Repair Stations . | . . . Recycling Units . | . . . Scanalyzers . | . . . Garrison Access . | . . . Total Hacks 2 | . 2 . Successful 2 | . 2 . Failed . | . . . Catastrophic . | . . . Database Lockouts . | . . . Manual . | . . . Terminals 2 | . 2 . Fabricators . | . . . Repair Stations . | . . . Recycling Units . | . . . Scanalyzers . | . . . Garrison Access . | . . . Terminal Hacks 2 | . 2 . Robot Analysis 1 | . 1 . Locate Traps 1 | . 1 . Fabricator Hacks . | . . . Repair Station Hacks . | . . . Recycling Unit Hacks . | . . . Scanalyzer . | . . . Garrison Access Hacks . | . . . Unauthorized Hacks . | . . . Terminals . | . . . Fabricators . | . . . Repair Stations . | . . . Recycling Units . | . . . Scanalyzers . | . . . Garrison Access . | . . . Data Cores Recovered . | . . . Used . | . . . Hacking Detections 1 | . 1 . Full Trace Events . | . . . Feedback Events . | . . . Feedback Blocked . | . . . Robot Schematics Acquired . | . . . Robots Built . | . . . Authchips . | . . . Time . | . . . Total Robot Build Rating . | . . . Part Schematics Acquired . | . . . Parts Built . | . . . Authchips . | . . . Time . | . . . Total Part Build Rating . | . . . Parts Repaired . | . . . Time . | . . . Parts Recycled . | . . . Recycled Matter . | . . . Retrieved Matter . | . . . Retrieved Components . | . . . Parts Scanalyzed . | . . . Part Schematics Acquired . | . . . Parts Damaged . | . . . Bothacking | -11 -10 -10 ------------ Run | Yrd Mat Min Used RIF Installer . | . . . Robots Hacked . | . . . Non-combat . | . . . Combat . | . . . Robot Hacks Applied . | . . . Relay Couplers Released . | . . . Fabnet Peak Effective % . | . . . Robots Rewired . | . . . Allies Hacked . | . . . Hacks Repelled . | . . . Allies | -11 -10 -10 -------- Run | Yrd Mat Min Total Allies . | . . . Largest Group . | . . . Highest-Rated Group . | . . . Highest-Rated Ally . | . . . Total Orders . | . . . Ally Attacks . | . . . Total Damage . | . . . Kills . | . . . Allies Corrupted . | . . . Allies Melted . | . . . Intel | -11 -10 -10 ------- Run | Yrd Mat Min Active Infowar (turns) . | . . . Robot Analysis Total 1 | . 1 . Derelict Logs Recovered 1 | . . 1 Drone Launches . | . . . Drone Recoveries . | . . . Exploration | -11 -10 -10 ------------- Run | Yrd Mat Min Turns Passed 1038 | 90 336 612 Spaces Moved 359 | 58 121 180 Core 15 | 15 . . Treads . | . . . Legs 344 | 43 121 180 Wheels . | . . . Hover . | . . . Flight . | . . . Fastest Speed 50 | 50 120 260 Average Speed 214 | 101 199 260 Slowest Speed 260 | 120 260 260 Overloaded Moves . | . . . Propulsion Burnouts . | . . . Robots Hopped . | . . . Potential Cave-ins . | . . . Cave-ins Triggered . | . . . Exploration Rate (%) 26 | 5 29 46 Regions Visited 2 Branch Regions 1 Pre-discovered Areas . | . . . Known Exits Taken . | . . . Unknown Exits Taken 2 | 1 1 . Scrap Searched 1 | . . 1 Spaces Dug . | . . . Terrain Destroyed . | . . . Melee . | . . . Projectile . | . . . AOE . | . . . Terrain Rammed . | . . . Walls Destroyed . | . . . Machines Disabled . | . . . Actions | -11 -10 -10 --------- Run | Yrd Mat Min Total 561 | 80 177 304 Wait 132 | . 25 107 Move 357 | 57 120 180 Hop . | . . . Pick Up 22 | 12 9 1 Fast Attach 1 | 1 . . Attach 10 | 6 . 4 Detach . | . . . Swap 1 | . 1 . Drop 1 | . 1 . Fire 37 | 4 21 12 Melee . | . . . Ram . | . . . Kick . | . . . Crush . | . . . Escape Stasis . | . . . Rewire . | . . . Trap . | . . . Miscellaneous . | . . . Route ------- -11/Scrapyard -10/Materials (discovered 2 exits: [*Mat] / [*Min]) -10/Mines History --------- Turn | Location | Event 2 | -11/Scrapyard | Met Revision 17 4 | -11/Scrapyard | Discovered new exit (range 14) 91 | -11/Scrapyard | Entered Materials 166 | -10/Materials | Discovered new exit (range 12) 306 | -10/Materials | Build established: Mutant 386 | -10/Materials | Discovered new exit (range 13) 427 | -10/Materials | Entered Mines 436 | -10/Mines | Met a Derelict bent on vengeance 443 | -10/Mines | Learned Materials terminal intel 500 | -10/Mines | A weapon hastily lodged in a ceiling crevice suddenly fell to the ground 997 | -10/Mines | Assembled infested the area 1019 | -10/Mines | Core integrity fell below 50% 1026 | -10/Mines | Core integrity fell below 20% 1039 | -10/Mines | Destroyed by as-95416 with Assembled Heavy Rifle Last Messages --------------- 01012_ as-48367 destroyed. 01012_ D-53 Grenadier suffers critical hit (Burn). 01013_ Acquired 3 matter. 01015_ Assault Rifle destroyed. 01017_ System corrupted: Tractor Beam rejected. 01017_ as-02685 destroyed. 01017_ as-42106 destroyed. 01017_ as-98980 destroyed. 01017_ Med. Laser destroyed. 01019_ as-99139 destroyed. 01020_ D-53 Grenadier destroyed. 01022_ Aluminum Leg destroyed. 01023_ as-31650 destroyed. 01023_ Switching to secondary target: as-88040. 01030_ as-29419 destroyed. 01035_ Aluminum Leg destroyed. 01035_ as-84005 destroyed. 01038_ as-28106 destroyed. 01038_ Switching to secondary target: as-88040. Map ----- +----------------------------------------------------+ | ??????????????????????????## ##??? # | | ???????????????????????????# ##??? | | ??????????????????????????## #???? # | | ?????????????????????????## #????? #? | | ????????????????????????## #?????? ?## | | ???????????????????????## ##?????? ?## | | ??????????????????????## ##?????# #?## | | ??????????????????????# ##???## #??# | | ??????????????????????# ##### #### | | ?????????????????????## | | ????????????????????## | | ???????????????????## ## ### ## | | ???????????????????# ### #### #?# ## | | ???????????????????# ##?# ###??# #?# #? | | ??????????????????## ## # #### #???? #?#/#? | | ????????????????### ####### #????##### ## | | ??????????????### ##?????# ######?????# # | | ??????????????# ##??????# #??????????# # | | ??????????????# ##???????# #??????????# # | | ??????????????# ##????????# #??????????## | | ??????????????######????###### #???????????## | | ????????????????????????# #????????????## # | | ????????????????????????# #?????????????#### | | ??????????????????????### ######????????????????? | | ?????????????????????## ##????????????????????? | | ?????????????????????# %@ #????????????????????? | | ????????????????????# %%%##????????????????????? | | ????????????????????# %%% #????????????????????? | | ????????????? ### =*% ##???????????????????? | | ???????????? = % #???????????????????? | | ???????????? * % #???????????????????? | | ???????????? * ??????????????????? | | ??????????? a a ]%! ####?????????????????? | | ??????????? % ####????????????????????? | | ??????????? a ## ##???????????????????????? | | ???????????? a ?####?????????????????????????? | | ???????????? ???????????????????????????????? | | ????????????? ????????????????????????????????? | | ????????????? ??????????????????????????????????? | | ?????????????????????????????????????????????????? | | ?????????????????????????????????????????????????? | | ?????????????????????????????????????????????????? | | ?????????????????????????????????????????????????? | | ?????????????????????????????????????????????????? | | ?????????????????????????????????????????????????? | | ?????????????????????????????????????????????????? | | ?????????????????????????????????????????????????? | | ?????????????????????????????????????????????????? | | ?????????????????????????????????????????????????? | | ?????????????????????????????????????????????????? | +----------------------------------------------------+ Best States ------------- Heat Dissipation 25 Energy Generation 10 Energy Capacity 250 Matter Stores 300 Matter Capacity 300 Sight Range 16 Terrain Scan Density 10 Resistance: KI 20 Resistance: TH 20 Resistance: EX 20 Resistance: EM 20 Resistance: I 20 Resistance: S 20 Resistance: P 20 Weapon Shielding 33 Evasion (%) 55 Offensive Hacking 10 Item Schematics ----------------- None Robot Schematics ------------------ None Fabricated ------------ Nothing Repaired ---------- Nothing Alien Tech Used ----------------- None Achievements -------------- None Challenges ------------ None Game ------ Seed WeaponCentriumPit Manual? 0 Play Time 00:06:48 Cumulative 254.2 hours Start 2025.07.22 @ 07:37:31 End 2025.07.22 @ 07:42:19 Sessions 1 Manual Loads 0 Difficulty Adventurer Special Mode None Game No. 291 Rogue 0 Adventurer 291 Explorer 0 Win Type - Total 0 Types 0/0/0/0/0/0/0/0/0/0 Lore% 72 Gallery% 59 Achievement% 50 Wizard Run 0 Options --------- Layout 2 ASCII 0 Keyboard 0 Movement Mouse Keybinds 0 Fullscreen 2 Font 48/Smallcaps Map View 50x44 Zoom Use 0% Tactical HUD 1 Map Filters NONE Filters NONE Steam 1 RUN: 68c1d34a-2672-4c5a-9acd-6e74de14fdb3